 Dungeon Crawl Stone Soup version 0.28-a0-991-g956f0ee3d5 (webtiles) character file.

Game seed: 6601659501981023618

297 Peloso the Covered (level 6, -3/55 HPs)
             Began as a Minotaur Fighter on Dec 5, 2021.
             Slain by a mummy (14 damage)
             ... in an ossuary.
             The game lasted 00:05:18 (2447 turns).

Peloso the Covered (Minotaur Fighter)               Turns: 2447, Time: 00:05:19

Health: -3/55      AC: 12    Str: 21    XL:     6   Next: 12%
Magic:  5/5        EV:  6    Int:  5    God:
Gold:   119        SH:  4    Dex: 11    Spells: 5/5 levels left

rFire   . . .      SeeInvis .   a - +0 long sword
rCold   . . .      Faith    .   c - +0 buckler
rNeg    . . .      Spirit   .   o - +0 plate armour
rPois   .          Reflect  .   (helmet restricted)
rElec   .          Harm     .   (no cloak)
rCorr   .          Rampage  .   (no gloves)
Will    .....                   (no boots)
Stlth   ..........              (no amulet)
HPRegen 0.18/turn               (no ring)
MPRegen 0.09/turn               (no ring)

@: no status effects
A: horns 2, retaliatory headbutt
a: no special abilities


You were in an ossuary.
You visited 1 branch of the dungeon, and saw 4 of its levels.
You also visited: Ossuary.

You collected 119 gold pieces.

Inventory:

Hand Weapons
 a - a +0 long sword (weapon)
Armour
 b - a +0 scale mail
 c - a +0 buckler (worn)
 o - a +0 plate armour (worn)
Scrolls
 f - a scroll of amnesia
 g - a scroll of silence {unknown}
 k - a scroll of teleportation {unknown}
 n - a scroll of fear {unknown}
Potions
 d - a potion of might
 h - 2 potions of curing {unknown}
 i - a potion of magic {unknown}
 j - 2 potions of heal wounds {unknown}
 l - a potion of berserk rage {unknown}
 m - a potion of brilliance {unknown}


   Skills:
 + Level 4.8 Fighting
 + Level 4.9 Long Blades
 + Level 5.4 Armour
 + Level 0.9 Dodging
 + Level 0.5 Stealth
 + Level 4.3 Shields


You had 5 spell levels left.
You didn't know any spells.
Your spell library was empty.

Dungeon Overview and Level Annotations

Branches:
Dungeon (4/15)            Ossuary (1/1)
 Temple: D:4-7

Altars:
Elyvilon
Fedhas
Kikubaaqudgha
Yredelemnul

Shops:
D:1 [


Innate Abilities, Weirdness & Mutations

You have a pair of horns on your head.
You reflexively headbutt those who attack you in melee.


Message History

You destroy the killer bee zombie!
You have reached level 6!
You slash the mummy!
The mummy is heavily damaged.
The mummy hits you!
* * * LOW HITPOINT WARNING * * *
You barely miss the mummy. Your headbutt misses the mummy.
The mummy is heavily damaged.
You slash the mummy!
You destroy the mummy!
A mummy comes into view.
There is an open door here.
Okay, then.
Okay, then.
You close the door.
You start resting.
Something unseen opens the door.
Unknown command.
You close the door.
Something unseen opens the door.
You close the door.
A mummy opens the door.
You close the door.
Something unseen opens the door.
You close the door.
Something unseen opens the door.
You close the door.
Something unseen opens the door.
You close the door.
Something unseen opens the door.
You start resting.
A mummy comes into view.
You closely miss the mummy. The mummy hits you but does no damage.
You hit the mummy but do no damage. Your headbutt misses the mummy.
You slash the mummy!
The mummy is heavily damaged.
The mummy hits you!
* * * LOW HITPOINT WARNING * * *
You completely miss the mummy.
The mummy is heavily damaged.
The mummy hits you!
You die...

##### #..∩#
#.∩.# #..@#
##M##
#≈.≈≈...M.....M
####+#+#'#'#'#'
.# # ##


You could see a mummy.

Vanquished Creatures
  A water moccasin skeleton (D:4)
  A hound (D:4)
  An orc priest (D:3)
  A jelly (D:3)
  Jessica (D:2)
  A killer bee zombie (Ossuary)
  4 mummies
  An adder (D:3)
  A worm (D:3)
  7 orcs
  5 endoplasms
  2 giant cockroaches (D:4)
  3 goblins
  4 hobgoblins
  4 jackals
  4 kobolds
  A quokka (D:2)
  3 ball pythons
  3 bats
  A frilled lizard (D:1)
  2 rats
51 creatures vanquished.

Vanquished Creatures (others)
  4 withered plants (Ossuary)
4 creatures vanquished.

Grand Total: 55 creatures vanquished

Notes
Turn   | Place    | Note
-------+----------+-------------------------------------------
     0 | D:1      | Peloso the Minotaur Fighter began the quest for the Orb.
     0 | D:1      | Reached XP level 1. HP: 19/19 MP: 0/0
    76 | D:1      | Found a faded altar of an unknown god.
   286 | D:1      | Reached XP level 2. HP: 25/27 MP: 1/1
   364 | D:1      | Found Immedug's Antique Armour Emporium.
   605 | D:2      | Noticed Jessica
   616 | D:2      | Killed Jessica
   617 | D:2      | Reached skill level 4 in Armour
   617 | D:2      | Reached XP level 3. HP: 30/33 MP: 2/2
  1435 | D:3      | Reached XP level 4. HP: 12/41 MP: 3/3
  1806 | D:3      | Reached XP level 5. HP: 26/47 MP: 4/4
  2099 | D:4      | Identified the +1 hunting sling "Nutzea" {vorpal, rPois
                  | rC+}
  2145 | D:4      | Reached skill level 5 in Armour
  2219 | D:4      | Found a blossoming altar of Fedhas.
  2224 | D:4      | Found a white marble altar of Elyvilon.
  2229 | D:4      | Found an ancient bone altar of Kikubaaqudgha.
  2236 | D:4      | Found a basalt altar of Yredelemnul.
  2323 | D:4      | Found a sand-covered staircase.
  2334 | Ossuary  | Entered an ossuary
  2390 | Ossuary  | Reached XP level 6. HP: 19/55 MP: 5/5
  2447 | Ossuary  | Slain by a mummy

Illustrated notes

Levels and vault maps discovered:
D:1:      scummos_arrival_star, layout_basic, dreamdust_ecumenical_altar_grove,
          serial_shops, nicolae_diamond_shop
D:2:      layout_basic, minmay_fountain_box, minmay_stone_trees_small,
          uniq_jessica
D:3:      layout_rooms, minmay_puff
D:4:      nicolae_cairo_tiling_large_dashed, layout_gridville,
          grunt_temple_overflow_cloverleaf, gup_ossuary_entry_pyramid, uniq_ijyb
Ossuary:  ossuary_zaba_flooded

Skill      XL: |  1  2  3  4  5 |
---------------+----------------+-----
Fighting       | 4 |  4.8
Long Blades    | 3 4 |  4.9
Armour         | 4 5 |  5.4
Shields        | 4 |  4.3
Dodging        | |  0.9
Stealth        | |  0.5

Action                   |  1- 3 |  4- 6 || total
-------------------------+-------+-------++-------
Melee: Long sword        |    67 |    51 ||   118
       Headbutt          |     9 |    14 ||    23
  Use: Scroll            |       |     1 ||     1
Armor: Scale mail        |    26 |     4 ||    30
       Plate armour      |       |    12 ||    12
Dodge: Dodged            |    31 |    13 ||    44
Block: Buckler           |    10 |     7 ||    17

Table legend: (Time is in decaauts)
 A = Elapsed time spent in this place.
 B = Non-inter-level travel time spent in this place.
 C = Inter-level travel time spent in this place.
 D = Time resting spent in this place.
 E = Time spent auto-exploring this place.
 F = Levels seen in this place.
 G = Mean time per level.
                   A        B        C        D        E       F      G
               +--------+--------+--------+--------+--------+-----+--------+
         Total |   2473 |   2437 |     36 |     62 |   1667 |   5 |  494.6 |
       Dungeon |   2357 |   2321 |     36 |      0 |   1667 |   4 |  589.2 |
       Ossuary |    115 |    115 |      0 |     62 |      0 |   1 |  115.0 |
               +--------+--------+--------+--------+--------+-----+--------+

Top non-repeatable levels by time:
     D:3: 964 daAuts
     D:1: 611 daAuts
     D:2: 493 daAuts
     D:4: 289 daAuts
 Ossuary: 115 daAuts
